 Dungeon Crawl Stone Soup version 0.25.0-8-gfd19cd77bd (webtiles) character file.

Game seed: 3914327610693239427

1197 Acheron the Ruffian (level 8, -3/72 HPs)
             Began as a Troll Necromancer on June 16, 2020.
             Was a Priest of Cheibriados.
             Shot with an arrow by a centaur (5 damage)
             ... on level 7 of the Dungeon.
             The game lasted 00:30:33 (4241 turns).

Acheron the Ruffian (Troll Necromancer)             Turns: 4241, Time: 00:30:34

Health: -3/72      AC:  8    Str: 23    XL:     8   Next: 20%
Magic:  6/10       EV: 11    Int: 18    God:    Cheibriados [***...]
Gold:   433        SH:  0    Dex: 17    Spells: 6/11 levels left

rFire    . . .     SeeInvis .     - Unarmed
rCold    . . .     Gourm    +   (no shield)
rNeg     . . .     Faith    .   a - +1 robe
rPois    .         Spirit   .   (helmet restricted)
rElec    .         Reflect  .   u - +0 cloak
rCorr    .         Harm     .   (gloves unavailable)
MR       .....                  (boots unavailable)
Stlth    ++........             (no amulet)
HPRegen  0.62/turn              (no ring)
MPRegen  0.12/turn              (no ring)

@: very slow
A: large, unfitting armour, claws 3, fast metabolism 3, gourmand, regeneration
1, shaggy fur 1, tough skin 3
a: Bend Time, Temporal Distortion, Renounce Religion


You were on level 7 of the Dungeon.
You worshipped Cheibriados.
Cheibriados was most pleased with you.
You were very full.

You visited 2 branches of the dungeon, and saw 9 of its levels.
You also visited: Sewer.

You collected 433 gold pieces.

Inventory:

Hand Weapons
 i - a +1 dagger of draining
 k - a +4 mace
 p - a +0 war axe
 t - a +2 mace of protection
 v - a +0 hand crossbow
 x - a +0 giant spiked club
Missiles
 h - 253 stones
 r - 2 throwing nets
 s - 5 boomerangs
 w - 3 javelins (quivered)
 C - 15 sling bullets
Armour
 a - a +1 robe (worn)
 u - a +0 cloak (worn)
Wands
 j - a wand of paralysis (2)
 y - a wand of iceblast (9)
 B - a wand of acid (10)
Scrolls
 b - 2 scrolls of enchant weapon
 d - a scroll of teleportation
 e - a scroll of magic mapping
 q - 5 scrolls of remove curse
Potions
 f - 2 potions of curing
 g - a potion of mutation
 l - a potion of might {unknown}
 m - a potion of flight {unknown}
 o - a potion of brilliance {unknown}
 z - a potion of haste {unknown}
 A - a potion of berserk rage {unknown}
Comestibles
 c - 11 rations


   Skills:
 * Level 2.0 Fighting
 * Level 1.4 Maces & Flails
 * Level 1.9 Throwing
 * Level 3.4 Dodging
 * Level 2.0 Stealth
 * Level 5.1 Unarmed Combat
 * Level 2.1 Spellcasting
 * Level 4.4 Necromancy
 * Level 1.4 Invocations


You had 6 spell levels left.
You knew the following spells:

 Your Spells              Type           Power        Failure   Level  Hunger
a - Pain                  Necr           ###.         2%          1    #......
b - Animate Skeleton      Necr           N/A          2%          1    #......
c - Vampiric Draining     Necr           ###.......   9%          3    ###....

Your spell library contained the following spells:

 Spells                   Type           Power        Failure   Level  Hunger
 Beastly Appendage        Tmut           #.....       19%         1    #......
 Freeze                   Ice            #...         19%         1    #......
 Sticks to Snakes         Tmut           #.......     26%         2    ###....
 Animate Dead             Necr           N/A          28%         4    #####..
 Frozen Ramparts          Ice            #.....       47%         3    ###....
 Ozocubu's Armour         Chrm/Ice       #.......     47%         3    ###....
 Spider Form              Tmut/Pois      #.........   47%         3    ###....
 Agony                    Necr           ###.....     61%         5    ######.
 Hailstorm                Conj/Ice       #.......     87%         4    #####..
 Ice Form                 Ice/Tmut       #.......     87%         4    #####..
 Summon Ice Beast         Ice/Summ       #.......     87%         4    #####..
 Blade Hands              Tmut           #.........   99%         5    ######.


Dungeon Overview and Level Annotations

Branches:
Dungeon (8/15)             Temple (1/1) D:4           Sewer (visited)
   Lair: D:8-11

Altars:
Ashenzari
Cheibriados
Dithmenos
Fedhas
Hepliaklqana
Makhleb
Nemelex Xobeh
Okawaru
Sif Muna
Trog
Uskayaw
Vehumet
Wu Jian
Yredelemnul
Zin

Shops:
D:7 =

Annotations:
D:4 Dowan, Duvessa
D:5 exclusion: upstairs
D:7 exclusion: downstairs


Innate Abilities, Weirdness & Mutations

You are too large for most types of armour.
You have claws for hands.
Your metabolism is lightning-fast.
You like to eat raw meat.
Your natural rate of healing is unusually fast.
You are covered in fur. (AC +1)
You have extremely tough skin. (AC +3)


Message History

The centaur hits you.
* * * LOW HITPOINT WARNING * * *
You claw the centaur!
The centaur is moderately wounded.
Your surroundings seem slightly different.
The centaur wields a +1 shortbow of freezing.
It is covered in frost.
The centaur shoots an arrow.
The arrow barely misses you.
Throwing (i - inventory. (/) - cycle)
w - 4 javelins (quivered)
Press: ? - help, Shift-Dir - straight line, f - centaur
Aim: a centaur, wielding a +1 shortbow of freezing and quivering 8 arrows (moderately wounded)
You throw a javelin.
The javelin pierces through the centaur!
The centaur is severely wounded.
The centaur shoots an arrow.
The arrow hits you!
* * * LOW HITPOINT WARNING * * *
The arrow freezes you.
* * * LOW HITPOINT WARNING * * *
The centaur shoots an arrow.
The arrow hits you.
You die...

# ####..........## #
###.............. # #
#..........(..... # #
##...............# ## #
#................# #. ##
##................# #. .#
#.......$∩........# #.. .#
#..........(.....# #.. .#
#.....@.a.§(%.#### #... ## ###
##.......c.(.##..G##... # ##.##
#..........## ._G.##.. ##...##
##........(# K.K..#..
####.....#####........#
.....#..
##....................#
...8.#..
.....###..######......##
....##.. ###..# ##.##
##......##...##...
##.###...#######...#......##...


You could see a centaur and a worker ant.

Vanquished Creatures
  A hippogriff (D:7)
  2 ogres
  A crocodile (Sewer)
  2 bullfrogs (D:7)
  A scorpion (D:4)
  2 howler monkeys (D:7)
  2 crimson imps
  A bullfrog zombie (D:7)
  2 hounds
  A bullfrog skeleton (D:5)
  An iguana (D:7)
  2 orc wizards (D:4)
  4 worker ants
  A hound zombie (D:5)
  3 hound skeletons
  A river rat (D:6)
  3 adder skeletons
  A worm (D:6)
  A dart slug (D:2)
  A leopard gecko (D:1)
  10 orcs
  3 ball pythons
  7 giant cockroaches
  3 goblins
  7 hobgoblins
  5 jackals
  2 kobolds
  2 quokkas (D:4)
  8 bats
  6 frilled lizards
  9 rats
95 creatures vanquished.

Notes
Turn   | Place    | Note
-------+----------+-------------------------------------------
     0 | D:1      | Acheron the Troll Necromancer began the quest for the Orb.
     0 | D:1      | Reached XP level 1. HP: 16/16 MP: 1/1
   250 | D:1      | You fall into a shaft and drop 1 floor!
   412 | D:1      | Reached XP level 2. HP: 24/24 MP: 2/2
   887 | D:3      | Noticed a crimson imp
   911 | D:3      | Reached XP level 3. HP: 32/32 MP: 3/3
   974 | D:3      | Reached skill level 1 in Unarmed Combat
  1109 | D:3      | Reached XP level 4. HP: 37/40 MP: 5/5
  1182 | D:3      | Found a faded altar of an unknown god.
  1185 | D:3      | Became a worshipper of Cheibriados the Contemplative
  1185 | D:3      | Reached * piety under Cheibriados
  1891 | D:4      | Reached skill level 2 in Unarmed Combat
  1895 | D:4      | Reached skill level 1 in Fighting
  1895 | D:4      | Reached XP level 5. HP: 23/48 MP: 6/6
  2087 | D:4      | Found a staircase to the Ecumenical Temple.
  2109 | D:4      | Reached ** piety under Cheibriados
  2115 | Temple   | Entered the Ecumenical Temple
  2498 | D:4      | Learned a level 1 spell: Animate Skeleton
  2502 | D:4      | Learned a level 3 spell: Vampiric Draining
  2552 | D:4      | Reached skill level 3 in Unarmed Combat
  2552 | D:4      | Reached XP level 6. HP: 54/55 MP: 7/7
  2563 | D:5      | Entered Level 5 of the Dungeon
  2596 | D:4      | Noticed Dowan
  2813 | D:5      | Reached skill level 1 in Throwing
  2884 | D:5      | Found an iron altar of Okawaru.
  2957 | D:4      | Noticed Duvessa
  3176 | D:5      | Reached XP level 7. HP: 53/62 MP: 8/8
  3254 | D:6      | Found a glowing drain.
  3266 | D:6      | Reached skill level 4 in Unarmed Combat
  3273 | Sewer    | Entered a sewer
  3474 | D:7      | Noticed a hippogriff
  3498 | D:7      | Killed a hippogriff
  3498 | D:7      | Reached skill level 1 in Maces & Flails
  3498 | D:7      | Reached skill level 1 in Invocations
  3591 | D:7      | Found a shattered altar of Ashenzari.
  3666 | D:7      | Found a glowing silver altar of Zin.
  3712 | D:7      | Reached *** piety under Cheibriados
  3841 | D:7      | Reached skill level 5 in Unarmed Combat
  3841 | D:7      | Reached XP level 8. HP: 43/72 MP: 10/10
  3955 | D:7      | Found a blossoming altar of Fedhas.
  4216 | D:7      | Found Gijeywn's Jewellery Shop.
  4227 | D:7      | Found a bloodstained altar of Trog.
  4241 | D:7      | HP: 2/72 [centaur/arrow (4)]
  4241 | D:7      | Shot with an arrow by a centaur

Illustrated notes

Levels and vault maps discovered:
D:1:      saegor_arrival_simple_a, layout_basic
D:2:      minmay_spotlight, layout_loops_ring
D:3:      layout_loops_cross, chequers_ecumenical_altar_grove
D:4:      minmay_chambers_of_fours, layout_loops_ring,
          minmay_temple_entry_large_hall, first_ration, uniq_duvessa
D:5:      layout_basic, okawaru_trees_1, grunt_ministairs_2
D:6:      layout_rooms, kennysheep_mini_moat, kennysheep_little_box,
          kennysheep_mini, lemuel_round_altar, portal_sewer_entry_b
D:7:      layout_cave_pods, trog_eyes_of_draining,
          lemuel_coloured_pillars_altar, cheibrodos_ashenzari_chains,
          serial_shops, shop, lemuel_tele_altar
D:8:      layout_gridville, lemuel_mausoleum_altar_kikubaaqudgha,
          nicolae_gozag_seed_capital, uniq_harold, uniq_psyche
Temple:   dpeg_three_leaves_temple

Skill      XL: |  1  2  3  4  5  6  7 |
---------------+----------------------+-----
Unarmed Combat | 1 2 3 5 |  5.1
Necromancy     | 4 |  4.4
Dodging        | 2 3 |  3.4
Fighting       | 1 2 |  2.0
Throwing       | 1 |  1.9
Maces & Flails | 1 |  1.4
Invocations    | 1 |  1.4
Spellcasting   | 2 |  2.1
Stealth        | 2 |  2.0

Action                   |  1- 3 |  4- 6 |  7- 9 || total
-------------------------+-------+-------+-------++-------
Melee: Unarmed           |    93 |   154 |    84 ||   331
       Punch             |     1 |       |     3 ||     4
Throw: Javelin           |       |       |    11 ||    11
       Boomerang         |       |       |     3 ||     3
Invok: Bend Time         |       |       |     1 ||     1
       Temporal Distorti |       |       |     1 ||     1
  Use: Scroll            |       |     9 |     4 ||    13
       Potion            |       |       |     2 ||     2
 Stab: Sleeping          |     2 |     5 |     2 ||     9
  Eat: Chunk             |    15 |    12 |     6 ||    33
Armor: Robe              |    28 |    64 |    62 ||   154
Dodge: Dodged            |    38 |    69 |    85 ||   192
